 Dungeon Crawl Stone Soup version 0.30.1-4-g462c640d31 (webtiles) character file.

Game seed: 8596420916916880723

10574 HagarQim the Nimble (level 11, 0/84 HPs)
             Began as a Gnoll Wanderer on Aug 26, 2023.
             Was a Believer of Qazlal.
             Slain by a sixfirhy (7 damage)
             ... on level 1 of the Abyss.
             The game lasted 00:58:16 (14284 turns).

HagarQim the Nimble (Gnoll Wanderer)               Turns: 14284, Time: 00:58:17

Health: 0/84       AC: 14    Str: 20    XL:     11   Next: 64%
Magic:  31/31      EV: 12    Int: 15    God:    Qazlal [**....]
Gold:   552        SH: 12    Dex:  9    Spells: 24/24 levels left

rFire   . . .        K - +7 falchion of Wyrd {holy, Str+4 Int+3}
rCold   . . .        l - +0 kite shield
rNeg    . . .        E - +0 ring mail
rPois   +            (no helmet)
rElec   .            D - +2 cloak {rPois}
rCorr   +            q - +2 pair of gloves "Qucom" {Will+++ rCorr Int-2 Stlth+}
SInv    .            J - +0 pair of boots of the Sneaky Gods {+Blink MP+9}
Will    ++++.        (no amulet)
Stlth   +++          u - ring of resist corrosion
HPRegen 0.34/turn    G - ring of willpower
MPRegen 0.22/turn

%: no passive effects
@: brilliant, about to teleport
A: fangs 1, strong nose, distributed training, (teleportitis 2)
a: Renounce Religion, Evoke Blink, Upheaval


You were on level 1 of the Abyss.
You worshipped Qazlal.
Qazlal was pleased with you.
You visited 2 branches of the dungeon, and saw 11 of its levels.
You visited the Abyss 1 time.
You also visited: Ossuary.

You collected 552 gold pieces.

Inventory:

Hand Weapons
 c - a +2 heavy battleaxe
 m - a +5 trident of venom
 x - a +4 dagger of electrocution
 C - a +4 quarterstaff of chaos
 K - the +7 falchion of Wyrd (weapon) {holy, Str+4 Int+3}
   (You found it on level 7 of the Dungeon)

   Str:       It affects your strength (+4).
   Int:       It affects your intelligence (+3).
Missiles
 i - 10 poisoned darts (quivered)
 M - a curare-tipped dart
 N - a throwing net
Armour
 d - a +2 leather armour
 l - a +0 kite shield (worn)
 q - the +2 pair of gloves "Qucom" (worn) {Will+++ rCorr Int-2 Stlth+}
   (You found it on level 9 of the Dungeon)

   Int:       It affects your intelligence (-2).
   rCorr:     It protects you from acid and corrosion.
   Will:      It greatly increases your willpower.
   Stlth:     It makes you more stealthy.
 B - a scarf of repulsion
 D - a +2 cloak of poison resistance (worn)
 E - a +0 ring mail (worn)
 J - the +0 pair of boots of the Sneaky Gods (worn) {+Blink MP+9}
   (You found it on level 5 of the Dungeon)

   MP:        It affects your magic capacity (+9).
   +Blink:    It lets you blink.
Jewellery
 a - a ring of protection from fire
 k - a ring of fire
 o - a +6 ring of intelligence
 p - a ring of poison resistance
 u - a ring of resist corrosion (left hand)
 y - a ring of magical power
 G - a ring of willpower (right hand)
Wands
 b - a wand of charming (4)
 g - a wand of iceblast (6)
 t - a wand of flame (13)
Scrolls
 e - 3 scrolls of fear
 f - 4 scrolls of fog
 j - 2 scrolls of teleportation
 r - 2 scrolls of poison
 s - 2 scrolls of amnesia
 L - 3 scrolls of magic mapping
Potions
 n - 6 potions of flight
 w - a potion of ambrosia
 A - 2 potions of cancellation
 H - 2 potions of magic
 I - a potion of curing


   Skills:
 + Level 7.2 Fighting
 + Level 6.7 Short Blades
 + Level 6.7 Long Blades
 + Level 6.7 Axes
 + Level 6.7 Maces & Flails
 + Level 6.7 Polearms
 + Level 6.7 Staves
 + Level 6.7 Ranged Weapons
 + Level 7.2 Throwing
 + Level 7.2 Armour
 + Level 10.9 Dodging
 + Level 8.0 Stealth
 + Level 6.7 Shields
 + Level 6.7 Unarmed Combat
 + Level 7.3 Spellcasting
 + Level 5.5 Conjurations
 + Level 5.5 Hexes
 + Level 5.5 Summonings
 + Level 5.5 Necromancy
 + Level 5.5 Translocations
 + Level 5.5 Transmutations
 + Level 5.5 Fire Magic
 + Level 5.5 Ice Magic
 + Level 5.5 Air Magic
 + Level 5.5 Earth Magic
 + Level 5.5 Poison Magic
 + Level 7.4 Invocations
 + Level 6.7 Evocations


You had 24 spell levels left.
You didn't know any spells.
Your spell library contained the following spells:

 Spells                   Type           Power      Damage    Failure   Level
 Apportation              Tloc           66%        N/A       4%          1
 Freeze                   Ice            100%       1d10      4%          1
 Summon Small Mammal      Summ           100%       N/A       4%          1
 Lesser Beckoning         Tloc           66%        N/A       7%          2
 Call Canine Familiar     Summ           33%        N/A       13%         3
 Frozen Ramparts          Ice            66%        1d10      13%         3
 Gell's Gravitas          Tloc           33%        N/A       13%         3
 Hailstorm                Conj/Ice       33%        3d8       13%         3
 Summon Guardian Golem    Hex/Summ       33%        N/A       13%         3
 Teleport Other           Tloc           33%        N/A       13%         3
 Anguish                  Hex/Necr       16%        N/A       41%         4
 Cause Fear               Hex            16%        N/A       41%         4
 Summon Lightning Spire   Summ/Air       33%        N/A       41%         4
 Alistair's Intoxication  Tmut/Pois      22%        N/A       77%         5
 Dispersal                Tloc           16%        N/A       100%        6
 Enfeeble                 Hex            16%        N/A       100%        7
 Storm Form               Tmut/Air       16%        N/A       100%        7
 Maxwell's Capacitive Co  Air            16%        ∞         100%        8


Dungeon Overview and Level Annotations

Branches:
Dungeon (10/15)            Temple (1/1) D:7            Lair (0/5) D:8
Ossuary (visited)
    Orc: D:9-12

Altars:
Ashenzari
Cheibriados
Dithmenos
Elyvilon
Fedhas
Gozag
Hepliaklqana
Kikubaaqudgha
Makhleb
Nemelex Xobeh
Okawaru
Qazlal
Ru
Sif Muna
Trog
Uskayaw
Vehumet
Wu Jian
Xom
Yredelemnul
Zin
The Shining One

Annotations:
D:10 Sonja


Innate Abilities, Weirdness & Mutations

You have very sharp teeth.
Your uncanny sense of smell can sniff out nearby items.
Your experience applies equally to all skills.
((You are often teleported next to monsters.))


Message History

Okay, then.
Okay, then.
Okay, then.
Unknown command.
As you read the scroll of teleportation, it crumbles to dust.
You feel strangely unstable.
You feel the power of the Abyss delaying your translocation!
The sixfirhy hits you! The sixfirhy shocks you!
You block the sixfirhy's attack.
The sixfirhy hits you but does no damage.
The sixfirhy misses you. What are your orders? t - Bark!
Orders for allies: a - Attack new target. r - Retreat! s - Stop attacking. g - Guard the area. f - Follow me.
Anything else - Cancel.
Okay, then.
Unknown command.
You feel clever all of a sudden.
The sixfirhy hits you but does no damage.
The sixfirhy attacks as you move away! The sixfirhy hits you.
The sixfirhy shocks you!
The sixfirhy hits you but does no damage. x2
The sixfirhy barely misses you. You block the sixfirhy's attack.
The sixfirhy attacks as you move away!
The sixfirhy hits you but does no damage.
The sixfirhy attacks as you move away!
The sixfirhy hits you but does no damage.
The sixfirhy hits you.
* * * LOW HITPOINT WARNING * * *
The sixfirhy shocks you!
* * * LOW HITPOINT WARNING * * *
You block the sixfirhy's attack. The sixfirhy misses you.
The sixfirhy hits you.
* * * LOW HITPOINT WARNING * * *
The sixfirhy shocks you!
* * * LOW HITPOINT WARNING * * *
You feel better. The sixfirhy hits you!
You die...

#### ## #...
.###..#
#####.#...#
#....@....#
######3..#..#
#.#.###
##.#.#... #
#..#. . ....
#.##......#
#####.##......#
#.........#...#
#.###.#.#....
..


You could see a sixfirhy.

Vanquished Creatures
  A boulder beetle (D:8)
  A two-headed ogre (D:9)
  A soul eater (D:9)
  3 rust devils (D:9)
  An ice devil (D:9)
  A red devil (D:9)
  4 small abominations (Abyss:1)
  Sigmund (D:2)
  5 slime creatures (D:9)
  A wyvern (D:9)
  7 yaks
  A ynoxinul (D:9)
  4 steam dragons
  A chaos spawn (Abyss:1)
  Menkaure (D:5)
  2 wargs (D:8)
  2 water moccasins
  2 orc warriors
  3 ice beasts
  3 sky beasts (D:7)
  A black bear (D:5)
  2 centaurs
  2 ogres (D:5)
  2 phantoms (D:5)
  4 kobold brigands
  3 bullfrogs
  A scorpion (D:5)
  4 killer bees (D:9)
  3 howler monkeys
  4 centaur zombies (Ossuary)
  A quasit (D:9)
  A human zombie (Ossuary)
  3 hounds
  4 jellies
  An iguana (D:5)
  5 orc priests
  Crazy Yiuf (D:5)
  A gnoll bouda (D:4)
  8 orc wizards
  An ogre zombie (Ossuary)
  7 mummies (Ossuary)
  4 gnolls (D:4)
  10 adders
  A shadow imp (D:5)
  3 white imps
  An adder zombie (Ossuary)
  2 dart slugs (D:4)
  40 orcs
  3 endoplasms
  4 giant cockroaches
  11 goblins
  5 hobgoblins
  9 jackals
  3 quokkas
  12 ball pythons
  4 bats
  4 frilled lizards
  4 goblin zombies (Ossuary)
  4 hobgoblin zombies (Ossuary)
  21 kobolds
  6 kobold zombies (Ossuary)
  An orc zombie (Ossuary)
  5 quokka zombies (Ossuary)
  4 rats
  3 rat zombies (Ossuary)
268 creatures vanquished.

Vanquished Creatures (collateral kills)
  An orc warrior (D:8)
  An orc (D:8)
  2 kobolds (D:8)
4 creatures vanquished.

Vanquished Creatures (others)
  A quokka (D:5)
  A lurking horror (Abyss:1)
2 creatures vanquished.

Grand Total: 274 creatures vanquished

Notes
Turn   | Place    | Note
-------+----------+-------------------------------------------
     0 | D:1      | HagarQim the Gnoll Wanderer began the quest for the Orb.
     0 | D:1      | HagarQim set off with the following items: a +0 club, a
                  | potion of attraction, a potion of haste, a +2 leather
                  | armour.
     0 | D:1      | Reached XP level 1. HP: 17/17 MP: 4/4
    81 | D:1      | Reached XP level 2. HP: 22/23 MP: 5/5
   357 | D:1      | Reached XP level 3. HP: 28/28 MP: 7/7
   802 | D:1      | Reached skill level 1 in Invocations
  1184 | D:2      | Reached skill level 1 in Short Blades
  1184 | D:2      | Reached skill level 1 in Long Blades
  1184 | D:2      | Reached skill level 1 in Axes
  1184 | D:2      | Reached skill level 1 in Maces & Flails
  1184 | D:2      | Reached skill level 1 in Polearms
  1184 | D:2      | Reached skill level 1 in Staves
  1184 | D:2      | Reached skill level 1 in Ranged Weapons
  1184 | D:2      | Reached skill level 1 in Shields
  1184 | D:2      | Reached skill level 1 in Unarmed Combat
  1184 | D:2      | Reached skill level 1 in Evocations
  1371 | D:2      | Reached XP level 4. HP: 34/34 MP: 8/8
  1384 | D:2      | Reached skill level 1 in Conjurations
  1384 | D:2      | Reached skill level 1 in Hexes
  1384 | D:2      | Reached skill level 1 in Summonings
  1384 | D:2      | Reached skill level 1 in Necromancy
  1384 | D:2      | Reached skill level 1 in Translocations
  1384 | D:2      | Reached skill level 1 in Transmutations
  1384 | D:2      | Reached skill level 1 in Fire Magic
  1384 | D:2      | Reached skill level 1 in Ice Magic
  1384 | D:2      | Reached skill level 1 in Air Magic
  1384 | D:2      | Reached skill level 1 in Earth Magic
  1384 | D:2      | Reached skill level 1 in Poison Magic
  1517 | D:2      | Reached XP level 5. HP: 39/40 MP: 9/9
  1619 | D:2      | Noticed Sigmund
  1647 | D:2      | Killed Sigmund
  1648 | D:2      | Reached XP level 6. HP: 29/47 MP: 9/11
  2425 | D:3      | Found a faded altar of an unknown god.
  3270 | D:4      | Found a shadowy altar of Dithmenos.
  3499 | D:4      | Found a sparkling altar of Nemelex Xobeh.
  3586 | D:4      | Reached XP level 7. HP: 49/52 MP: 12/12
  3877 | D:5      | Entered Level 5 of the Dungeon
  3922 | D:5      | Reached skill level 9 in Dodging
  3922 | D:5      | Reached skill level 5 in Stealth
  4046 | D:5      | Noticed a yak
  4069 | D:5      | Reached XP level 8. HP: 36/60 MP: 14/14
  4209 | D:5      | Found a burning altar of Makhleb.
  4220 | D:5      | Identified the +0 kite shield of the Shrinking Gods {rCorr
                  | Str-5 Stlth+}
  4254 | D:5      | Found a runed translucent door.
  4255 | D:5      | Noticed Crazy Yiuf
  4263 | D:5      | Killed Crazy Yiuf
  4357 | D:5      | Found a glowing silver altar of Zin.
  4358 | D:5      | Found a hide-covered altar of Uskayaw.
  4587 | D:5      | Noticed Menkaure
  4599 | D:5      | Killed Menkaure
  4727 | D:5      | Found a white marble altar of Elyvilon.
  5244 | D:4      | Killed a yak
  5502 | D:5      | Reached XP level 9. HP: 56/66 MP: 16/16
  5680 | D:5      | Reached skill level 5 in Spellcasting
  5748 | D:5      | Identified the +0 pair of boots of the Sneaky Gods {+Blink
                  | MP+9}
  6337 | D:6      | Reached skill level 5 in Fighting
  6337 | D:6      | Reached skill level 5 in Throwing
  6337 | D:6      | Reached skill level 5 in Armour
  6772 | D:7      | Found a sand-covered staircase.
  6798 | Ossuary  | Entered an ossuary
  8023 | D:7      | Reached skill level 5 in Invocations
  8286 | D:7      | Found a radiant altar of Vehumet.
  8950 | D:7      | Found a staircase to the Ecumenical Temple.
  8959 | Temple   | Entered the Ecumenical Temple
  9105 | Temple   | Became a worshipper of Qazlal Stormbringer
  9537 | D:7      | Identified the +7 falchion of Wyrd {holy, Str+4 Int+3}
  9644 | D:7      | Reached skill level 5 in Short Blades
  9644 | D:7      | Reached skill level 5 in Long Blades
  9644 | D:7      | Reached skill level 5 in Axes
  9644 | D:7      | Reached skill level 5 in Maces & Flails
  9644 | D:7      | Reached skill level 5 in Polearms
  9644 | D:7      | Reached skill level 5 in Staves
  9644 | D:7      | Reached skill level 5 in Ranged Weapons
  9644 | D:7      | Reached skill level 5 in Shields
  9644 | D:7      | Reached skill level 5 in Unarmed Combat
  9644 | D:7      | Reached skill level 5 in Evocations
  9644 | D:7      | Reached XP level 10. HP: 71/76 MP: 18/18
  9716 | D:8      | Found an ornate altar of the Wu Jian Council.
  9805 | D:8      | Reached skill level 10 in Dodging
  9947 | D:8      | Found a staircase to the Lair.
 10001 | D:8      | Reached * piety under Qazlal
 10552 | D:9      | Identified the +2 pair of gloves "Qucom" {Will+++ rCorr
                  | Int-2 Stlth+}
 10786 | D:9      | Noticed a rust devil
 10803 | D:9      | Killed a rust devil
 10949 | D:9      | Noticed a rust devil
 10984 | D:9      | Killed a rust devil
 11077 | D:9      | Noticed a rust devil
 11170 | D:8      | Noticed a boulder beetle
 11184 | D:8      | Killed a boulder beetle
 11199 | D:8      | Reached ** piety under Qazlal
 11512 | D:9      | Reached skill level 5 in Conjurations
 11512 | D:9      | Reached skill level 5 in Hexes
 11512 | D:9      | Reached skill level 5 in Summonings
 11512 | D:9      | Reached skill level 5 in Necromancy
 11512 | D:9      | Reached skill level 5 in Translocations
 11512 | D:9      | Reached skill level 5 in Transmutations
 11512 | D:9      | Reached skill level 5 in Fire Magic
 11512 | D:9      | Reached skill level 5 in Ice Magic
 11512 | D:9      | Reached skill level 5 in Air Magic
 11512 | D:9      | Reached skill level 5 in Earth Magic
 11512 | D:9      | Reached skill level 5 in Poison Magic
 11512 | D:9      | Reached XP level 11. HP: 11/83 MP: 21/21
 11835 | D:9      | Noticed a soul eater
 11849 | D:9      | Killed a soul eater
 12489 | D:9      | Noticed a two-headed ogre
 12498 | D:9      | Killed a two-headed ogre
 12813 | D:10     | Entered Level 10 of the Dungeon
 12918 | D:10     | Found an opulent altar of Gozag.
 12918 | D:10     | Found an iron altar of Okawaru.
 13302 | D:10     | Noticed Sonja
 13818 | Abyss:1  | Cast into level 1 of the Abyss (Sonja)
 13884 | Abyss:1  | HP: 4/84 [efreet/fireball (10)]
 14237 | Abyss:1  | Gained mutation: You are occasionally teleported next to
                  | monsters. [a neqoxec]
 14238 | Abyss:1  | Gained mutation: You are often teleported next to monsters.
                  | [a neqoxec]
 14269 | Abyss:1  | Noticed a sixfirhy
 14283 | Abyss:1  | HP: 1/84 [sixfirhy (9)]
 14284 | Abyss:1  | Slain by a sixfirhy

Illustrated notes

Levels and vault maps discovered:
D:1:      denvon_arrival_planthouse, layout_rooms
D:2:      layout_loops_ring, minmay_snake_closets, uniq_sigmund
D:3:      layout_basic, shapermc_ecumenical_altar_totnotflames,
          dk_noncrumbling_4, hangedman_abyss_or_decor_lesser_grid,
          chequers_serial_rivers_room_b, minmay_fountain_box,
          minmay_misc_feat_rows
D:4:      layout_loops_ring, nemelex_diamond_rough_becter,
          nicolae_dithmenos_the_darkroom
D:5:      layout_layer_cave, mainiacjoe_overflow_divided_tiny, bloody_makhleb,
          elyvilon_altar_4, minmay_joined_circles, uniq_crazy_yiuf_cottage,
          uniq_menkaure
D:6:      layout_rooms
D:7:      layout_basic, marbit_many_paths, temple_fountains,
          nicolae_ossuary_entry_false_entrances, minmay_misc_feat_columns
D:8:      layout_loops_ring, mainiacjoe_overflow_surrounded_room,
          erik_lair_orcish_takeover
D:9:      layout_irregular_city, serial_demonic, serial_demonic_d,
          serial_demonic_d, serial_demonic_d, serial_demonic_b
D:10:     layout_small_grid, mainiacjoe_overflow_large_starburst, uniq_sonja
Temple:   minmay_temple_bridge_abc
Abyss:1:  base: D:8, lemuel_firewalk_3

Skill      XL: |  1  2  3  4  5  6  7  8  9 10 11 |
---------------+----------------------------------+-----
Invocations    | 1 2 3 4 5 6 7 |  7.4
Short Blades   | 1 2 3 5 6 |  6.7
Long Blades    | 1 2 3 5 6 |  6.7
Axes           | 1 2 3 5 6 |  6.7
Maces & Flails | 1 2 3 5 6 |  6.7
Polearms       | 1 2 3 5 6 |  6.7
Staves         | 1 2 3 5 6 |  6.7
Ranged Weapons | 1 2 3 5 6 |  6.7
Shields        | 1 2 3 5 6 |  6.7
Unarmed Combat | 1 2 3 5 6 |  6.7
Evocations     | 1 2 3 5 6 |  6.7
Spellcasting   | 3 4 5 6 7 |  7.3
Conjurations   | 1 2 3 4 5 |  5.5
Hexes          | 1 2 3 4 5 |  5.5
Summonings     | 1 2 3 4 5 |  5.5
Necromancy     | 1 2 3 4 5 |  5.5
Translocations | 1 2 3 4 5 |  5.5
Transmutations | 1 2 3 4 5 |  5.5
Fire Magic     | 1 2 3 4 5 |  5.5
Ice Magic      | 1 2 3 4 5 |  5.5
Air Magic      | 1 2 3 4 5 |  5.5
Earth Magic    | 1 2 3 4 5 |  5.5
Poison Magic   | 1 2 3 4 5 |  5.5
Fighting       | 3 4 5 6 7 |  7.2
Throwing       | 3 4 5 6 7 |  7.2
Armour         | 3 4 5 6 7 |  7.2
Dodging        | 9 10 | 10.9
Stealth        | 5 6 7 8 |  8.0

Action                     |  1- 3 |  4- 6 |  7- 9 | 10-12 || total
---------------------------+-------+-------+-------+-------++-------
  Melee: Club              |    93 |       |       |       ||    93
         Bite              |    14 |     3 |    59 |    42 ||   118
         Short sword       |    25 |       |       |       ||    25
         Whip              |    43 |       |       |       ||    43
         Spear             |    25 |       |       |       ||    25
         Trident           |     7 |   139 |   208 |   163 ||   517
         Dagger            |       |       |   265 |    15 ||   280
         Falchion          |       |       |     7 |   243 ||   250
  Throw: Dart              |       |     3 |     6 |    27 ||    36
 Invoke: Upheaval          |       |       |       |     1 ||     1
Ability: Evoke Blink       |       |       |       |     1 ||     1
  Evoke: Wand              |       |       |       |     6 ||     6
    Use: Potion            |       |     4 |     2 |    13 ||    19
         Scroll            |       |     5 |    14 |     9 ||    28
   Stab: Sleeping          |     4 |       |       |       ||     4
         Distracted        |     1 |       |       |       ||     1
 Armour: Leather armour    |    61 |       |       |       ||    61
         Chain mail        |    74 |    65 |   208 |   140 ||   487
         Skin              |       |       |     1 |       ||     1
         Ring mail         |       |       |       |    32 ||    32
  Dodge: Dodged            |   162 |    28 |   111 |   139 ||   440
  Block: Kite shield       |       |    20 |   159 |   212 ||   391
